 Dungeon Crawl Stone Soup version 0.18-a0-1284-g43455fe (webtiles) character file.

22 Gottschkopf the Ruffian (level 2, -2/23 HPs)
             Began as a Draconian Transmuter on Feb 8, 2016.
             Slain by a giant newt (3 damage)
             ... on level 1 of the Dungeon.
             The game lasted 00:02:41 (489 turns).

Gottschkopf the Ruffian (Draconian Transmuter)       Turns: 489, Time: 00:02:41

Health: -2/23      AC:  4    Str: 12    XL:     2   Next: 68%
Magic:  4/5        EV: 12    Int: 13    God:
Gold:   19         SH:  0    Dex: 11    Spells: 1 memorised, 4 levels left

rFire  . . .     SeeInvis .       - Unarmed
rCold  . . .     Gourm    .     (armour unavailable)
rNeg   . . .     Faith    +     (no shield)
rPois  .         Spirit   .     (helmet restricted)
rElec  .         Dismiss  .     (no cloak)
rCorr  .         Reflect  .     (no gloves)
SustAt .         Harm     .     (boots currently unavailable)
MR     .....                    h - amulet of faith
Stlth  +.........               (no ring)
                                (no ring)

@: appendage (expiring), not resistant to hostile enchantments, very unstealthy
A: unfitting armour, talons 3, cold-blooded, AC +4
a: End Transformation


You were on level 1 of the Dungeon.
You were not hungry.
You had grown temporary talons.
You visited 1 branch of the dungeon, and saw 1 of its levels.

You collected 19 gold pieces.

Inventory:

Missiles
 a - 12 arrows
Jewellery
 h - an amulet of faith (around neck)
Scrolls
 d - a scroll of amnesia {unknown}
 f - a scroll of identify {unknown}
 g - 4 scrolls of remove curse {unknown}
 i - a scroll of enchant armour {unknown}
Potions
 e - a potion of might {unknown}
Books
 b - a book of Changes

   Spells                             Type                      Level
   a - Beastly Appendage              Transmutation                1
   b - Sticks to Snakes               Transmutation                2
   c - Spider Form                    Transmutation/Poison         3
   d - Ice Form                       Ice/Transmutation            4
   e - Blade Hands                    Transmutation                5
Comestibles
 c - a bread ration


   Skills:
 + Level 1.2 Fighting
 + Level 2.0 Dodging
 + Level 0.2 Stealth
 + Level 3.3 Unarmed Combat
 * Level 2.2 Spellcasting
 * Level 2.2 Transmutations


You had 4 spell levels left.
You knew the following spells:

 Your Spells              Type           Power        Failure   Level  Hunger
a - Beastly Appendage     Trmt           #.....       12%         1    ##.....


Dungeon Overview and Level Annotations

Branches:
Dungeon (1/15)

Altars:


Innate Abilities, Weirdness & Mutations

Your plain brown scales are hard (AC +4).
Your body does not fit into most forms of armour.
You are cold-blooded and may be slowed by cold attacks.
You have claws for feet.


Message History

Your transformation is almost over.
The giant newt bites you.
* * * LOW HITPOINT WARNING * * *
You miss the giant newt.
You tail-slap the giant newt, but do no damage.
The giant newt misses you.
You miss the giant newt.
The giant newt bites you but does no damage.
You barely miss the giant newt. Your kick misses the giant newt.
The giant newt bites you but does no damage.
You hit the giant newt but do no damage.
Your kick misses the giant newt.
The giant newt hisses menacingly.
The giant newt closely misses you.
You barely miss the giant newt. Your kick misses the giant newt.
Your tail-slap misses the giant newt.
The giant newt bites you.
* * * LOW HITPOINT WARNING * * *
You closely miss the giant newt.
Your tail-slap misses the giant newt.
The giant newt bites you.
You die...

+. #. #. ##.
............ ####
............ #..
#K.....##### #l#
#..........# #@#
#..g..#.##.# #.#
#........#..
#.#####....l####..
#...))............
######.(......[...
#............
#............
#.....###'#..
#.....###'#+#


You could see a giant newt.

Vanquished Creatures
  A gnoll (D:1)
  A giant gecko (D:1)
  2 bats (D:1)
  2 goblins (D:1)
  A hobgoblin (D:1)
  2 giant newts (D:1)
  2 kobolds (D:1)
  A rat (D:1)
12 creatures vanquished.

Notes
Turn   | Place    | Note
--------------------------------------------------------------
     0 | D:1      | Gottschkopf the Draconian Transmuter began the quest for the Orb.
     0 | D:1      | Reached XP level 1. HP: 16/16 MP: 3/3
   372 | D:1      | Reached XP level 2. HP: 21/23 MP: 3/5
   435 | D:1      | HP: 1/23 [gnoll/whip (10)]
   488 | D:1      | HP: 1/23 [giant newt (2)]
   489 | D:1      | Slain by a giant newt

Vault maps used:
D:1:      onia_arrival_pentagram

Action                   || total
-------------------------++-------
Melee: Unarmed           ||    58
 Cast: Beastly Appendage ||    10
